 Dungeon Crawl Stone Soup version 0.14.0-24-gfb45beb (webtiles) character file.

38445 Squiddles the Conjurer (level 13, -12/76 HPs)
             Began as a Deep Elf Conjurer on Apr 23, 2014.
             Was a High Priest of Vehumet.
             Mangled by a death yak (15 damage)
             ... on Level 8 of the Lair of Beasts on Apr 24, 2014.
             The game lasted 04:12:10 (25167 turns).

Squiddles the Conjurer (Deep Elf Conjurer)         Turns: 25167, Time: 04:12:11

HP -12/76        AC 15     Str  6      XL: 13   Next: 58%
MP  22/37        EV 16     Int 25      God: Vehumet [*****.]
Gold 1047        SH  9     Dex 15      Spells:  8 memorised, 13 levels left

rFire  . . .     SeeInvis .     k - +4,+3 dagger (protect)
rCold  . . .     Clarity  .     L - +1 robe {MR+}
rNeg   + . .     Conserve .     F - +2 buckler {reflect}
rPois  .         rCorr    +     E - +0 helmet
rElec  .         rRot     .     G - +2 cloak
SustAb . .       Spirit   .     m - +0 pair of gloves
rMut   .         Warding  .     (no boots)
Saprov . . .     Stasis   .     p - amulet of resist corrosion
MR     ++...                    z - +2 ring of protection
                                u - ring of positive energy

@: very resistant to hostile enchantments, fairly stealthy
A: no striking features
a: Renounce Religion


You were on level 8 of the Lair of Beasts.
You worshipped Vehumet.
Vehumet was extremely pleased with you.
You were not hungry.

You visited 3 branches of the dungeon, and saw 20 of its levels.
You also visited: Ice Cave.

You collected 1047 gold pieces.

Inventory:

Hand weapons
 k - a +4,+3 dagger of protection (weapon)
Missiles
 J - a throwing net (quivered)
Armour
 m - a +0 pair of gloves (worn)
 E - a +0 helmet (worn)
 F - a +2 buckler of reflection (worn)
 G - a +2 cloak (worn)
 L - a +1 robe of magic resistance (worn)
Magical devices
 c - a wand of slowing (10)
 f - a wand of fire (4)
 t - a wand of confusion (12)
 y - a wand of draining (7)
 D - a wand of digging (11)
 O - a wand of disintegration (11)
Comestibles
 s - a chunk of worm flesh
 B - a bread ration
 N - a choko
Scrolls
 a - a scroll of enchant weapon II
 d - a scroll of magic mapping
 e - 7 scrolls of remove curse
 g - 3 scrolls of recharging
 i - 4 scrolls of enchant armour
 r - 2 scrolls of amnesia
 v - 3 scrolls of fear
 C - a scroll of enchant weapon III
 I - 5 scrolls of teleportation
 Q - 4 scrolls of identify
 S - 2 scrolls of fog
Jewellery
 j - an uncursed amulet of clarity
 o - an uncursed ring of protection from fire
 p - an amulet of resist corrosion (around neck)
 q - an uncursed ring of protection from cold
 u - a ring of positive energy (left hand)
 x - an uncursed amulet of the gourmand
 z - a +2 ring of protection (right hand)
Potions
 h - 8 potions of curing
 l - 2 potions of magic
 n - a potion of restore abilities
 w - 2 potions of invisibility
 A - 4 potions of flight
 H - 5 potions of haste
 K - a potion of cure mutation
 M - a potion of poison {unknown}


   Skills:
 - Level 7.0 Fighting
 - Level 8.5 Dodging
 - Level 2.4 Stealth
 * Level 14.4 Spellcasting
 * Level 14.7 Conjurations
 - Level 7.7 Charms
 - Level 7.8 Fire Magic
 - Level 7.0 Earth Magic
 - Level 5.0 Evocations


You had 13 spell levels left.
You knew the following spells:

 Your Spells              Type           Power        Failure   Level  Hunger
a - Magic Dart            Conj           ####         0%          1    None
b - Searing Ray           Conj           ######       0%          2    None
c - Iskenderun's Battles  Conj/Chrm      ######..     1%          5    None
d - Flame Tongue          Conj/Fire      #####        1%          1    None
e - Fulminant Prism       Conj/Hex       ######....   1%          4    None
f - Conjure Flame         Conj/Fire      ######..     1%          3    None
g - Bolt of Magma         Conj/Fire/Erth ######....   1%          5    None
h - Iron Shot             Conj/Erth      ######....   2%          6    ####...


Dungeon Overview and Level Annotations

Branches:
Dungeon (11/15)            Temple (1/1) D:7             Orc (0/4) D:11
   Lair (8/8) D:11          Swamp (0/5) Lair:3       Spider (0/5) Lair:4
  Slime (0/6) Lair:6

Altars:
Ashenzari
Cheibriados
Dithmenos
Elyvilon
Fedhas
Kikubaaqudgha
Makhleb
Nemelex Xobeh
Okawaru
Sif Muna
Trog
Vehumet
Xom
Yredelemnul
Zin
The Shining One

Shops:
D:11 (

Annotations:
D:4 Edmund


Message History

The searing ray hits the death yak.
The searing ray hits the death yak.
The death yak is lightly wounded.
The death yak gores you!
The searing ray hits the death yak.
The death yak is lightly wounded.
The death yak gores you!
The searing ray hits the death yak.
The death yak is lightly wounded.
The searing ray hits the death yak.
The death yak is lightly wounded.
The death yak gores you! The death yak gores you.
Casting: Searing Ray
Confirm with . or Enter, or press ? or * to list all spells.
You conjure a globe of magical energy.
The death yak gores you! The death yak gores you!
* * * LOW HITPOINT WARNING * * *
The death yak gores you!
You die...

...... ##...####### #....#.
##...###..# ..P.... ##.....P##
.f.......####......###
........#.....8......###
....#.#.#.........8....#######
#####
.P......8.............###
...#......YY.8..........P#
.....8f.@*.w.......[....)
...fff.....f........P.### #
..ffff.#..##P...f###..# #
...ff#P#.#.###...##...##
.P.#########....##.P...# # #
#......#.....# #####..
####.......... .#......
#.#........≈ #..P..f.
##.......≈≈≈


You could see 2 death yaks and a worm.

Vanquished Creatures
  Maud (Lair:8)
  4 hydras
  A catoblepas (Lair:8)
  An unseen horror (D:11)
  A hill giant (D:10)
  Joseph (D:7)
  A griffon (Lair:8)
  2 cyclopes (D:11)
  9 elephants
  11 spiny frogs
  2 gargoyles (D:11)
  Psyche (D:8)
  6 black mambas
  2 fire drakes
  9 komodo dragons
  A troll (D:11)
  A grizzly bear (Lair:3)
  12 blink frogs
  A catoblepas skeleton (D:11)
  4 brown oozes (Lair:6)
  A tarantella (Lair:4)
  An elephant slug (Lair:5)
  A hill giant zombie (D:11)
  2 ugly things (D:11)
  A deep elf mage (D:11)
  6 yaks
  6 hippogriffs
  A deep elf fighter (D:6)
  A hungry ghost (D:11)
  18 wolves
  3 phantoms
  8 water moccasins
  10 porcupines
  7 orc warriors
  12 ice beasts
  7 ogres
  2 sky beasts
  A yellow wasp (D:7)
  10 crocodiles
  Sigmund (D:7)
  3 centaurs
  4 giant slugs
  A gnoll sergeant (D:7)
  14 giant frogs
  6 scorpions
  4 electric eels
  A hippogriff zombie (D:11)
  An eye of draining (D:8)
  10 killer bees
  4 crimson imps
  2 jellies (D:10)
  A giant frog zombie (D:8)
  2 goliath beetles
  8 hounds
  A gnoll shaman (D:9)
  A giant frog skeleton (D:11)
  4 big fish
  4 orc priests
  6 orc wizards
  3 iguanas
  11 worker ants
  11 sheep
  10 gnolls
  A gnoll zombie (D:6)
  31 green rats
  20 adders
  A scorpion zombie (D:6)
  A giant mite (D:6)
  8 worms
  2 shadow imps (D:8)
  An adder skeleton (D:4)
  4 giant eyeballs
  10 giant geckos
  2 oozes
  39 orcs
  A bat skeleton (D:5)
  12 goblins
  15 hobgoblins
  37 jackals
  11 quokkas
  21 bats
  6 giant cockroaches
  5 giant newts
  3 giant spores
  23 kobolds
  An orc skeleton (D:5)
  17 rats
  9 ballistomycetes
  2 fungi
565 creatures vanquished.

Vanquished Creatures (others)
  8 fulminant prisms
  A ballistomycete (D:11)
  A fungus (Lair:8)
  5 plants
15 creatures vanquished.

Grand Total: 580 creatures vanquished

Notes
Turn   | Place    | Note
--------------------------------------------------------------
     0 | D:1      | Squiddles, the Deep Elf Conjurer, began the quest for the Orb.
     0 | D:1      | Reached XP level 1. HP: 10/10 MP: 5/5
   127 | D:1      | Reached XP level 2. HP: 3/15 MP: 0/8
   339 | D:1      | Reached skill level 5 in Conjurations
   954 | D:2      | Reached XP level 3. HP: 19/19 MP: 8/10
   977 | D:2      | Learned a level 2 spell: Searing Ray
  1685 | D:2      | Reached skill level 6 in Conjurations
  2075 | D:3      | Reached XP level 4. HP: 24/24 MP: 11/13
  3234 | D:3      | Reached skill level 7 in Conjurations
  3234 | D:3      | Reached XP level 5. HP: 25/28 MP: 7/16
  3928 | D:4      | Learned a level 5 spell: Iskenderun's Battlesphere
  4042 | D:4      | Reached skill level 8 in Conjurations
  4042 | D:4      | Reached XP level 6. HP: 29/32 MP: 10/18
  4355 | D:4      | Reached skill level 1 in Charms
  4835 | D:4      | Noticed Edmund
  5053 | D:5      | Entered Level 5 of the Dungeon
  5355 | D:5      | Reached skill level 9 in Conjurations
  5355 | D:5      | Reached XP level 7. HP: 34/36 MP: 13/20
  5674 | D:5      | Found an iron altar of Okawaru.
  6106 | D:5      | Paralysed by a giant eyeball for 3 turns
  6438 | D:5      | Reached skill level 10 in Conjurations
  6578 | D:6      | Reached skill level 1 in Fighting
  6588 | D:6      | Reached XP level 8. HP: 41/43 MP: 13/21
  7318 | D:6      | Reached skill level 5 in Spellcasting
  7961 | D:6      | Found a shadowy altar of Dithmenos.
  7976 | D:6      | Reached skill level 5 in Dodging
  7976 | D:6      | Reached XP level 9. HP: 52/52 MP: 9/26
  8047 | D:6      | Noticed a deep elf fighter
  8053 | D:6      | Killed a deep elf fighter
  8227 | D:7      | Found a staircase to the Ecumenical Temple.
  8260 | D:7      | Noticed Joseph
  8273 | D:7      | Killed Joseph
  8273 | D:7      | Reached skill level 5 in Fighting
  8415 | Temple   | Entered the Ecumenical Temple
  8446 | Temple   | Became a worshipper of Vehumet
  8604 | D:7      | Noticed Sigmund
  9218 | D:7      | Killed Sigmund
  9328 | D:8      | Acquired Vehumet's first power
  9328 | D:8      | Offered knowledge of Flame Tongue by Vehumet.
  9331 | D:8      | Learned a level 1 spell: Flame Tongue
  9625 | D:8      | Paralysed by a giant eyeball for 4 turns
  9928 | D:8      | Reached XP level 10. HP: 61/61 MP: 24/29
 10114 | Temple   | Learned a level 4 spell: Fulminant Prism
 10233 | D:8      | Noticed Psyche
 10248 | D:8      | Killed Psyche
 10727 | D:9      | Found a sparkling altar of Nemelex Xobeh.
 10907 | D:9      | Reached skill level 5 in Charms
 11134 | D:9      | Found a burning altar of Makhleb.
 11279 | D:10     | Entered Level 10 of the Dungeon
 11391 | D:10     | Found a radiant altar of Vehumet.
 11440 | D:10     | Offered knowledge of Throw Frost by Vehumet.
 11597 | D:10     | Noticed a hill giant
 11612 | D:10     | Killed a hill giant
 12224 | D:10     | Offered knowledge of Conjure Flame by Vehumet.
 12257 | D:10     | Reached skill level 11 in Conjurations
 12262 | D:10     | Learned a level 3 spell: Conjure Flame
 12408 | D:11     | Reached skill level 1 in Fire Magic
 12432 | D:11     | Noticed a cyclops
 12448 | D:11     | Killed a cyclops
 12461 | D:11     | Noticed a cyclops
 12577 | D:11     | Killed a cyclops
 12611 | D:11     | Found Lejeorit's Weapon Boutique.
 12613 | D:11     | Found a staircase to the Orcish Mines.
 12683 | D:11     | Reached XP level 11. HP: 58/67 MP: 21/31
 13171 | D:11     | Acquired Vehumet's second power
 13474 | D:11     | Reached skill level 12 in Conjurations
 13474 | D:11     | Reached skill level 5 in Fire Magic
 13523 | D:11     | Killed an unseen horror
 13784 | D:11     | HP: 1/67 [red ugly thing (13)]
 14301 | D:11     | Offered knowledge of Airstrike by Vehumet.
 14831 | D:11     | Reached skill level 1 in Evocations
 14866 | D:11     | Found a staircase to the Lair.
 14881 | Lair:1   | Entered Level 1 of the Lair of Beasts
 15204 | Lair:1   | Acquired Vehumet's third power
 15475 | Lair:1   | Offered knowledge of Bolt of Magma by Vehumet.
 15490 | Lair:1   | Learned a level 5 spell: Bolt of Magma
 16805 | Lair:2   | Reached skill level 13 in Conjurations
 17032 | Lair:2   | Reached skill level 5 in Evocations
 17048 | Lair:2   | Offered knowledge of Iron Shot by Vehumet.
 17357 | Lair:3   | Noticed a four-headed hydra
 17360 | Lair:3   | Killed a four-headed hydra
 17360 | Lair:3   | Reached skill level 1 in Earth Magic
 17360 | Lair:3   | Reached XP level 12. HP: 72/72 MP: 18/32
 17366 | Lair:3   | Found a staircase to the Swamp.
 17851 | Lair:3   | Found a frozen archway.
 17855 | IceCv    | Entered an ice cave
 18717 | Lair:4   | Found a hole to the Spider Nest.
 18728 | Lair:4   | Learned a level 6 spell: Iron Shot
 18836 | Lair:4   | Noticed a six-headed hydra
 18847 | Lair:4   | Reached skill level 10 in Spellcasting
 18851 | Lair:4   | Killed a six-headed hydra
 19664 | Lair:5   | Noticed a seven-headed hydra
 19668 | Lair:5   | Killed a seven-headed hydra
 19705 | Lair:5   | Offered knowledge of Sticky Flame by Vehumet.
 20798 | Lair:5   | Reached skill level 5 in Earth Magic
 20860 | Lair:5   | Reached skill level 14 in Conjurations
 22001 | Lair:6   | Reached XP level 13. HP: 69/76 MP: 30/36
 22158 | Lair:6   | Found a staircase to the Slime Pits.
 23799 | Lair:8   | Entered Level 8 of the Lair of Beasts
 23875 | Lair:8   | Noticed Maud
 24410 | Lair:8   | Killed Maud
 24736 | Lair:8   | Offered knowledge of Ignite Poison by Vehumet.
 25166 | Lair:8   | HP: 3/76 [death yak (26)]
 25167 | Lair:8   | Mangled by a death yak

Action                   |  1- 3 |  4- 6 |  7- 9 | 10-12 | 13-15 || total
-------------------------+-------+-------+-------+-------+-------++-------
Melee: Dagger            |       |       |    49 |    66 |     8 ||   123
Throw: Dart              |       |       |     4 |     1 |       ||     5
 Cast: Magic Dart        |    97 |   207 |   224 |   483 |   110 ||  1121
       Searing Ray       |       |     4 |    29 |    78 |    18 ||   129
       Iskenderun's Batt |       |       |    33 |    74 |    23 ||   130
       Fulminant Prism   |       |       |       |     5 |     4 ||     9
       Bolt of Magma     |       |       |       |    68 |    46 ||   114
       Iron Shot         |       |       |       |     5 |     7 ||    12
       Conjure Flame     |       |       |       |     1 |       ||     1
Evoke: Wand              |       |     1 |     5 |     9 |       ||    15
       Stone of tremors  |       |       |       |     1 |       ||     1
  Use: Potion            |       |     4 |       |     5 |     5 ||    14
       Scroll            |       |    15 |     7 |    18 |     6 ||    46
